 Dungeon Crawl Stone Soup version 0.30-a0-4-ga7cffc901d (webtiles) character file.

Game seed: 13566775244194996855

32 Setbun the Cutter (level 3, -1/24 HPs)
             Began as a Kobold Berserker on Aug 20, 2022.
             Was a Follower of Trog.
             Slain by a worm (4 damage)
             ... on level 2 of the Dungeon.
             The game lasted 00:01:09 (1599 turns).

Setbun the Cutter (Kobold Berserker)                Turns: 1599, Time: 00:01:09

Health: -1/24      AC:  2    Str: 14    XL:     3   Next: 42%
Magic:  3/3        EV: 15    Int:  8    God:    Trog [*.....]
Gold:   48         SH:  0    Dex: 16    Spells: 2/2 levels left

rFire   . . .      SeeInvis .    a - +0 short sword
rCold   . . .      Faith    .    (no shield)
rNeg    + . .      Spirit   .    b - +0 animal skin
rPois   .          Reflect  .    (no helmet)
rElec   .          Harm     .    (no cloak)
rCorr   .          Rampage  .    (no gloves)
Will    .....                    (no boots)
Stlth   ++........               (no amulet)
HPRegen 0.08/turn                d - ring of positive energy
MPRegen 0.08/turn                (no ring)

@: no status effects
A: small, no large weapons, nightstalker 3
a: Renounce Religion, Berserk


You were on level 2 of the Dungeon.
You worshipped Trog.
Trog was aware of your devotion.
You visited 1 branch of the dungeon, and saw 2 of its levels.

You collected 48 gold pieces.

Inventory:

Hand Weapons
 a - a +0 short sword (weapon)
Armour
 b - a +0 animal skin (worn)
Jewellery
 d - a ring of positive energy (left hand)
 k - a ring of magical power
Scrolls
 c - a scroll of fear {unknown}
 i - a scroll of vulnerability {unknown}
Potions
 e - a potion of curing {unknown}
 f - a potion of ambrosia {unknown}
 g - a potion of invisibility {unknown}
 h - a potion of haste {unknown}
 j - a potion of cancellation {unknown}


   Skills:
 + Level 3.8 Fighting
 * Level 5.2 Short Blades
 - Level 1.5 Armour
 - Level 2.4 Dodging


You had 2 spell levels left.
You didn't know any spells.
Your spell library was empty.

Dungeon Overview and Level Annotations

Branches:
Dungeon (2/15)

Altars:
Fedhas


Innate Abilities, Weirdness & Mutations

You are small and have problems with some larger weapons.
You are completely attuned to the shadows.


Message History

The worm bites you.
You are too injured to fight recklessly!
You are too injured to fight recklessly!
You are too injured to fight recklessly!
You are too injured to fight recklessly!
You are too injured to fight recklessly!
You are too injured to fight recklessly!
You are too injured to fight recklessly!
You are too injured to fight recklessly!
You are too injured to fight recklessly!
You are too injured to fight recklessly!
You are too injured to fight recklessly!
You are too injured to fight recklessly!
You are too injured to fight recklessly!
You are too injured to fight recklessly!
You are too injured to fight recklessly!
You are too injured to fight recklessly!
You are too injured to fight recklessly!
You are too injured to fight recklessly!
You are too injured to fight recklessly!
You are too injured to fight recklessly!
You are too injured to fight recklessly!
You hit the worm.
The worm is severely wounded.
You hit the worm but do no damage.
The worm is severely wounded.
The worm bites you.
* * * LOW HITPOINT WARNING * * *
You hit the worm.
The worm is severely wounded.
You hit the worm.
The worm is almost dead.
The worm bites you.
* * * LOW HITPOINT WARNING * * *
You hit the worm.
The worm is almost dead.
You hit the worm but do no damage.
The worm is almost dead.
The worm bites you.
You die...

## ##.##########
#...........#######
..................#####
......#.._..####..#....
B.....@......###.)#.###
...$.w#........)....###
.....###########...>...
#...## #.###### ##.#
#.# #.# #.. ###


You could see a worm.

Vanquished Creatures
  A gnoll (D:1)
  A worm (D:2)
  A ball python (D:1)
  4 bats (D:1)
  4 endoplasms (D:1)
  2 goblins
  A hobgoblin (D:1)
  A quokka (D:1)
  A kobold (D:1)
  2 rats (D:1)
18 creatures vanquished.

Notes
Turn   | Place    | Note
-------+----------+-------------------------------------------
     0 | D:1      | Setbun the Kobold Berserker began the quest for the Orb.
     0 | D:1      | Reached XP level 1. HP: 14/14 MP: 1/1
     0 | D:1      | Noticed an orb of fire
     1 | D:1      | Noticed a white draconian
     3 | D:1      | Noticed a shadow dragon
     5 | D:1      | Noticed a shadow dragon
     6 | D:1      | Noticed an ice dragon
     7 | D:1      | Noticed an ice dragon
     8 | D:1      | Noticed a yellow draconian
     9 | D:1      | Noticed an iron dragon
    11 | D:1      | Noticed a tentacled monstrosity
    13 | D:1      | Noticed a large abomination
    15 | D:1      | Noticed a shadow dragon
    17 | D:1      | Noticed a tentacled monstrosity
    19 | D:1      | Noticed a large abomination
    24 | D:1      | Noticed a shadow dragon
   448 | D:1      | Reached XP level 2. HP: 19/19 MP: 2/2
   848 | D:1      | Reached XP level 3. HP: 13/24 MP: 3/3
   999 | D:1      | Reached skill level 5 in Short Blades
  1569 | D:2      | Found a blossoming altar of Fedhas.
  1599 | D:2      | Slain by a worm

Illustrated notes

Levels and vault maps discovered:
D:1:      shiori_arrival_whats_in_store_for_you, layout_loops_ring
D:2:      layout_loops_ring, basic_altar, minmay_tromino_v7

Skill      XL: |  1  2  3 |
---------------+----------+-----
Short Blades   | 5 |  5.2
Fighting       | |  3.8
Armour         | |  1.5
Dodging        | |  2.4

Action                   || total
-------------------------++-------
Melee: Short sword       ||    65
       Punch             ||     3
 Stab: Sleeping          ||    10
Armor: Animal skin       ||     2
Dodge: Dodged            ||    19

Table legend: (Time is in decaauts)
 A = Elapsed time spent in this place.
 B = Non-inter-level travel time spent in this place.
 C = Inter-level travel time spent in this place.
 D = Time resting spent in this place.
 E = Time spent auto-exploring this place.
 F = Levels seen in this place.
 G = Mean time per level.
                   A        B        C        D        E       F      G
               +--------+--------+--------+--------+--------+-----+--------+
         Total |   1589 |   1547 |     42 |    403 |   1006 |   2 |  794.5 |
       Dungeon |   1589 |   1547 |     42 |    403 |   1006 |   2 |  794.5 |
               +--------+--------+--------+--------+--------+-----+--------+

Top non-repeatable levels by time:
     D:1: 1235 daAuts
     D:2: 353 daAuts
